 Dungeon Crawl Stone Soup version 0.27.1-3-gb3d3a73c9e (webtiles) character file.

Game seed: 17004041380384025737

17490 Descartes the Covert (level 12, -4/61 HPs)
             Began as a Spriggan Venom Mage on Oct 21, 2021.
             Was an Initiate of Gozag.
             Slain by a dire elephant simulacrum (6 damage)
             ... in an ice cave.
             The game lasted 01:10:07 (19788 turns).

Descartes the Covert (Spriggan Venom Mage)         Turns: 19788, Time: 01:10:07

Health: -4/61      AC:  7    Str: 10    XL:     12   Next: 19%
Magic:  0/20       EV: 23    Int: 20    God:    Gozag
Gold:   374        SH:  0    Dex: 17    Spells: 0/21 levels left

rFire    + . .     SeeInvis +   O - +1 short sword "Pant" {spect, Fly rC++ Will- Str+4}
rCold    + + +     Faith    .   (shield restricted)
rNeg     . . .     Spirit   +   D - +1 robe {rF+}
rPois    .         Reflect  .   G - +1 hat
rElec    .         Harm     .   P - +2 cloak {Will+}
rCorr    +         Rampage  .   (gloves unavailable)
Will     ++...                  (boots unavailable)
Stlth    +++++.....             C - amulet of guardian spirit
HPRegen  1.20/turn              k - ring of resist corrosion
MPRegen  0.17/turn              p - ring of protection from cold

@: gold aura, flying, studying Fighting, very quick
A: very small, no large weapons, unfitting armour, see invisible, speed 3, agile
1, regeneration 1
a: Renounce Religion, Potion Petition, Call Merchant, Bribe Branch


You were in an ice cave.
You worshipped Gozag.
Gozag was aware of your devotion.
You visited 3 branches of the dungeon, and saw 18 of its levels.
You also visited: Ice Cave.

You collected 2246 gold pieces.
You spent 1780 gold pieces at shops.
You paid 92 gold pieces to Gozag.

Inventory:

Hand Weapons
 i - a +2 dagger of draining
 M - a +2 dagger of venom
 O - the +1 short sword "Pant" (weapon) {spect, Fly rC++ Will- Str+4}
   (You acquired it in an ice cave)

   When its wielder attacks, the weapon's spirit leaps out and strikes again.
   The spirit shares a part of any damage it takes with its wielder.
   Str:       It affects your strength (+4).
   rC:        It greatly protects you from cold.
   Fly:       It grants you flight.
   Will:      It decreases your willpower.
Missiles
 d - 248 arrows
 e - 2 throwing nets
 g - 341 stones
 t - 64 poisoned darts
 u - 54 sling bullets
 L - 11 boomerangs
 Q - 12 curare-tipped darts
Armour
 c - a scarf of repulsion
 D - a +1 robe of fire resistance (worn)
 G - a +1 hat (worn)
 P - a +2 cloak of willpower (worn)
Magical Staves
 X - a staff of earth
Jewellery
 k - a ring of resist corrosion (left hand)
 p - a ring of protection from cold (right hand)
 C - an amulet of guardian spirit (around neck)
 K - a ring of flight
Wands
 v - a wand of paralysis (5)
 E - a wand of mindburst (11)
 F - a wand of polymorph (13)
 R - a wand of iceblast (4)
 U - a wand of charming (9)
 V - a wand of flame (3)
Scrolls
 b - 2 scrolls of immolation {unknown}
 f - a scroll of fear {unknown}
 l - 3 scrolls of enchant armour {unknown}
 n - 2 scrolls of magic mapping {unknown}
 s - 2 scrolls of noise
 w - a scroll of enchant weapon {unknown}
 x - 2 scrolls of amnesia {unknown}
 y - 3 scrolls of teleportation
 z - a scroll of silence {unknown}
 B - a scroll of fog {unknown}
 N - 3 scrolls of identify
 S - a scroll of vulnerability {unknown}
Potions
 h - 3 potions of lignification
 j - 4 potions of cancellation
 m - 2 potions of haste
 o - a potion of ambrosia
 q - 5 potions of attraction
 r - 2 potions of might
 A - 10 potions of curing
 H - a potion of magic
 J - a potion of brilliance
 T - 2 potions of invisibility {unknown}
 W - a potion of resistance


   Skills:
 + Level 6.1 Fighting
 + Level 4.7 Short Blades
 - Level 10.0 Dodging
 - Level 10.0 Stealth
 - Level 5.0 Spellcasting
 + Level 1.0 Conjurations
 + Level 6.2 Hexes
 + Level 9.2 Transmutations
 + Level 4.6 Fire Magic
 - Level 0.6 Air Magic
 + Level 4.0 Earth Magic
 - Level 10.0 Poison Magic
 - Level 5.0 Evocations


You couldn't memorise any spells.
You knew the following spells:

 Your Spells              Type           Power      Damage    Failure   Level
a - Sting                 Tmut/Pois      100%       1d8       1%          1
b - Poisonous Vapours     Pois/Air       52%        N/A       1%          2
c - Olgreb's Toxic Radia  Pois           45%        N/A       1%          4
d - Ignite Poison         Fire/Tmut/Pois 36%        N/A       1%          3
e - Mephitic Cloud        Conj/Pois/Air  20%        N/A       7%          3
f - Bolt of Magma         Conj/Fire/Erth 8%         4d6       65%         5
g - Stone Arrow           Conj/Erth      30%        3d8       12%         3

Your spell library contained the following spells:

 Spells                   Type           Power      Damage    Failure   Level
 Slow                     Hex            29%        N/A       1%          2
 Confusing Touch          Hex            29%        N/A       2%          3
 Tukima's Dance           Hex            29%        N/A       2%          3
 Animate Skeleton         Necr           10%        N/A       12%         1
 Freeze                   Ice            20%        1d4       12%         1
 Pain                     Necr           20%        1d5       12%         1
 Yara's Violent Unravell  Hex/Tmut       17%        3d8       14%         5
 Frozen Ramparts          Ice            10%        1d3       34%         3
 Gell's Gravitas          Tloc           2%         N/A       34%         3
 Lesser Beckoning         Tloc           2%         N/A       34%         3
 Vampiric Draining        Necr           2%         2d6       34%         3
 Hailstorm                Conj/Ice       7%         3d4       67%         4
 Animate Dead             Necr           2%         N/A       75%         4
 Passage of Golubria      Tloc           N/A        N/A       75%         4
 Haunt                    Necr/Summ      2%         N/A       100%        7
 Infestation              Necr           2%         N/A       100%        8


Dungeon Overview and Level Annotations

Branches:
Dungeon (15/15)            Temple (1/1) D:5            Lair (2/6) D:9
    Orc (0/2) D:9          Depths (0/5) D:15          IceCv (1/1)
  Swamp: Lair:2-4    Shoals: Lair:2-4     Snake: Lair:2-4    Spider: Lair:2-4
 Vaults: D:13-14

Altars:
Ashenzari
Cheibriados
Dithmenos
Elyvilon
Fedhas
Gozag
Hepliaklqana
Kikubaaqudgha
Makhleb
Nemelex Xobeh
Okawaru
Qazlal
Ru
Sif Muna
Trog
Uskayaw
Vehumet
Wu Jian
Xom
Yredelemnul
Zin
The Shining One

Shops:
D:2 (   D:5 :   D:7 (!*?(

Annotations:
D:9 exclusion: 2 doors


Innate Abilities, Weirdness & Mutations

You are very small and have problems with some larger weapons.
You are too small for most types of armour.
You have supernaturally acute eyesight. (SInv)
You cover ground extremely quickly. (Speed+++)
You are agile. (Dex +2)
Your natural rate of healing is unusually fast.


Message History

The polar bear simulacrum completely misses you.
The dire elephant simulacrum closely misses you. x2
You hit the dire elephant simulacrum but do no damage.
The dire elephant simulacrum is moderately damaged.
Your +1 short sword "Pant" {spect, Fly rC++ Will- Str+4} hits the dire elephant simulacrum.
The polar bear simulacrum barely misses you. x2
The polar bear simulacrum closely misses you.
The dire elephant simulacrum tramples you!!
The dire elephant simulacrum freezes you!
You resist.
The dire elephant simulacrum completely misses you.
You hit the dire elephant simulacrum but do no damage.
The dire elephant simulacrum is heavily damaged.
Your +1 short sword "Pant" {spect, Fly rC++ Will- Str+4} hits the dire elephant simulacrum.
Unknown command.
You hit the dire elephant simulacrum but do no damage.
The dire elephant simulacrum is heavily damaged.
Your +1 short sword "Pant" {spect, Fly rC++ Will- Str+4} hits the dire elephant simulacrum.
The polar bear simulacrum closely misses you.
The polar bear simulacrum misses you.
The polar bear simulacrum claws you but does no damage.
The dire elephant simulacrum tramples your +1 short sword "Pant" {spect, Fly rC++ Will- Str+4}!!
Your spectral weapon shares its damage with you!
The dire elephant simulacrum freezes your +1 short sword "Pant" {spect, Fly rC++ Will- Str+4}!
Your +1 short sword "Pant" {spect, Fly rC++ Will- Str+4} resists.
Your spectral weapon shares its damage with you!
Your +1 short sword "Pant" {spect, Fly rC++ Will- Str+4} fades away.
* * * LOW HITPOINT WARNING * * *
You feel much better.
The polar bear simulacrum barely misses you.
The polar bear simulacrum closely misses you.
The polar bear simulacrum misses you.
The dire elephant simulacrum tramples you!!
* * * LOW HITPOINT WARNING * * *
The dire elephant simulacrum freezes you!
You resist.
* * * LOW HITPOINT WARNING * * *
The dire elephant simulacrum trunk-slaps you.
You die...
Your body crumbles into a pile of gold.

#########
#...@...#
#...ZZ..#
#.......#
#.......#
#...∩...#
##.....##
##...##
##.## ...


You could see a dire elephant simulacrum and a polar bear simulacrum.

Vanquished Creatures
  Erolcha (D:11)
  A centaur warrior (D:15)
  4 two-headed ogres
  2 skeletal warriors (D:15)
  Pikel (D:4)
  A deep elf pyromancer (D:12)
  A cyclops (D:15)
  An ugly thing (D:11)
  2 cane toads
  2 kobold demonologists (D:9)
  2 komodo dragons
  2 trolls
  2 shadows
  17 yaks
  A wyvern (D:10)
  A wraith (D:11)
  A death yak simulacrum (IceCv)
  An acid dragon (D:11)
  5 water moccasins
  4 orc warriors
  4 black bears
  A sky beast (D:7)
  2 necrophages
  5 wolves (Lair:1)
  A lemure (D:5)
  12 centaurs
  4 kobold brigands
  4 bullfrogs
  6 scorpions
  A water moccasin skeleton (D:5)
  6 killer bees
  4 wights (D:6)
  7 howler monkeys
  2 centaur zombies
  A bullfrog zombie (D:6)
  A bullfrog skeleton (D:6)
  2 centaur skeletons
  4 orc priests
  A gnoll shaman (D:5)
  4 hounds
  Jessica (D:2)
  Terence (D:2)
  11 iguanas
  8 orc wizards
  A polar bear simulacrum (IceCv)
  A killer bee zombie (D:7)
  4 gnolls (D:5)
  3 adders
  A howler monkey skeleton (D:7)
  A shadow imp (D:6)
  A white imp (D:4)
  An ufetubus (D:4)
  2 worms (D:2)
  3 dart slugs
  27 orcs
  10 endoplasms
  7 giant cockroaches
  9 hobgoblins
  5 jackals
  18 kobolds
  6 quokkas
  2 ball pythons
  4 bats (D:3)
  9 frilled lizards
  9 goblins
  A quokka skeleton (D:4)
  6 rats
276 creatures vanquished.

Vanquished Creatures (others)
  A vampire mosquito (D:14)
  11 fungi (D:9)
  51 plants
  2 withered plants (D:15)
65 creatures vanquished.

Grand Total: 341 creatures vanquished

Notes
Turn   | Place    | Note
-------+----------+-------------------------------------------
     0 | D:1      | Descartes the Spriggan Venom Mage began the quest for the
                  | Orb.
     0 | D:1      | Reached XP level 1. HP: 9/9 MP: 5/5
   220 | D:1      | Found a faded altar of an unknown god.
   286 | D:1      | Reached XP level 2. HP: 13/13 MP: 3/6
  1316 | D:2      | Reached XP level 3. HP: 12/16 MP: 5/8
  1410 | D:2      | Found a basalt altar of Yredelemnul.
  1652 | D:2      | Noticed Jessica
  1659 | D:2      | Killed Jessica
  1765 | D:2      | Reached XP level 4. HP: 21/21 MP: 2/9
  2493 | D:2      | Noticed Terence
  2522 | D:2      | Killed Terence
  2523 | D:2      | Reached skill level 5 in Stealth
  2612 | D:2      | Found Narphucse's Antique Weapon Boutique.
  3073 | D:3      | Reached XP level 5. HP: 19/24 MP: 5/10
  3762 | D:4      | Reached skill level 5 in Dodging
  4250 | D:4      | Noticed a black bear
  4260 | D:4      | Reached XP level 6. HP: 28/28 MP: 7/11
  4581 | D:3      | Reached skill level 5 in Poison Magic
  4978 | D:5      | Entered Level 5 of the Dungeon
  5022 | D:5      | Reached XP level 7. HP: 32/32 MP: 8/12
  5199 | D:5      | Found Xopenoh's Book Shop.
  5472 | D:5      | Learned a level 2 spell: Poisonous Vapours
  5745 | D:5      | Found a staircase to the Ecumenical Temple.
  5752 | Temple   | Entered the Ecumenical Temple
  5919 | Temple   | Became a worshipper of Gozag Ym Sagoz the Greedy
  6147 | D:5      | Noticed Pikel
  6208 | D:4      | Killed Pikel
  6209 | D:4      | Reached XP level 8. HP: 13/36 MP: 5/13
  6963 | D:5      | Reached skill level 1 in Fighting
  7121 | D:5      | Reached skill level 10 in Stealth
  8357 | D:6      | Reached XP level 9. HP: 33/43 MP: 12/14
  8831 | D:7      | Found Xintiqon's Antique Weapon Shop.
  9082 | D:7      | Found Vasinesk's Distillery.
  9132 | D:7      | Found Kopniboa's Magic Scroll Shop.
  9348 | D:7      | Found Ciacylan's General Store.
  9454 | D:7      | Bought a +2 cloak of willpower for 258 gold pieces
  9605 | D:7      | Found Pasatez's Weapon Emporium.
  9891 | D:7      | Noticed a komodo dragon
  9917 | D:7      | Killed a komodo dragon
 10138 | D:8      | Reached skill level 10 in Dodging
 10891 | D:8      | Learned a level 4 spell: Olgreb's Toxic Radiance
 11664 | D:9      | Noticed a troll
 11725 | D:9      | Killed a troll
 11726 | D:9      | Reached skill level 5 in Fighting
 11964 | D:8      | Reached XP level 10. HP: 39/51 MP: 6/15
 12286 | D:8      | Reached skill level 10 in Poison Magic
 12425 | D:9      | Noticed a two-headed ogre
 12450 | D:9      | Killed a two-headed ogre
 12451 | D:9      | Reached skill level 5 in Transmutations
 12455 | D:9      | Learned a level 3 spell: Mephitic Cloud
 12520 | D:9      | Learned a level 3 spell: Ignite Poison
 12748 | D:9      | Noticed a sixfirhy
 12788 | D:9      | Found a staircase to the Orcish Mines.
 13040 | D:9      | Reached skill level 1 in Hexes
 13191 | D:9      | Reached skill level 1 in Fire Magic
 13211 | D:9      | Noticed a rust devil
 13374 | D:9      | Found a staircase to the Lair.
 13662 | D:10     | Entered Level 10 of the Dungeon
 13667 | D:10     | Noticed a two-headed ogre
 13696 | D:9      | Killed a two-headed ogre
 13781 | D:9      | Learned a level 5 spell: Bolt of Magma
 13856 | D:9      | Reached skill level 5 in Spellcasting
 14132 | D:9      | Reached skill level 1 in Earth Magic
 14238 | D:9      | Reached XP level 11. HP: 40/55 MP: 14/19
 14874 | D:10     | Reached skill level 1 in Short Blades
 14874 | D:10     | Reached skill level 1 in Evocations
 15011 | D:10     | Found a basalt altar of Yredelemnul.
 15866 | D:11     | Noticed a red ugly thing
 15924 | D:11     | Killed a red ugly thing
 16039 | D:11     | Noticed a two-headed ogre
 16057 | D:11     | Killed a two-headed ogre
 16058 | D:11     | Reached skill level 5 in Hexes
 16167 | D:11     | Noticed Erolcha
 16171 | D:11     | Killed Erolcha
 16271 | D:11     | Identified the +10 short sword of the End {vorpal, rC+
                  | Dex+3}
 16342 | D:11     | Noticed a two-headed ogre
 16364 | D:11     | Killed a two-headed ogre
 16726 | D:5      | Bought a manual of Fighting for 880 gold pieces
 16726 | D:5      | Bought Great Wizards, Vol. VII for 330 gold pieces
 16733 | D:5      | Gained mutation: Your natural rate of healing is unusually
                  | fast. [potion of mutation]
 16733 | D:5      | Gained mutation: You are frail. (-10% HP) [potion of
                  | mutation]
 16733 | D:5      | Lost mutation: You are frail. (-10% HP) [potion of
                  | mutation]
 16733 | D:5      | Gained mutation: You are agile. (Dex +2) [potion of
                  | mutation]
 17062 | D:12     | You fall into a shaft and drop 3 floors!
 17062 | D:15     | Entered Level 15 of the Dungeon
 17068 | D:15     | Noticed a centaur warrior
 17074 | D:15     | Killed a centaur warrior
 17115 | D:15     | Noticed a skeletal warrior
 17115 | D:15     | Noticed a necromancer
 17167 | D:15     | Found a snail-covered altar of Cheibriados.
 17279 | D:15     | Found a staircase to the Depths.
 17279 | D:15     | Noticed a phantasmal warrior
 17298 | D:15     | Noticed a boulder beetle
 17299 | D:15     | Noticed a skeletal warrior
 17302 | D:15     | Killed a skeletal warrior
 17302 | D:15     | Killed a skeletal warrior
 17333 | D:14     | Noticed an eight-headed hydra
 17337 | D:14     | Identified 3 scrolls of acquirement
 17337 | D:14     | Acquired the ring "Ywotiys" {EV+4 Int+4}
 17339 | D:14     | Noticed a +6 long sword
 17617 | D:12     | Noticed a deep elf pyromancer
 17623 | D:12     | Killed a deep elf pyromancer
 17624 | D:12     | Reached skill level 5 in Evocations
 17931 | D:7      | Bought a potion of magic for 104 gold pieces
 17931 | D:7      | Bought 2 potions of heal wounds for 130 gold pieces
 17931 | D:7      | Bought 2 potions of curing for 78 gold pieces
 17987 | D:6      | Reached XP level 12. HP: 60/60 MP: 20/20
 18640 | Lair:1   | Entered Level 1 of the Lair of Beasts
 19634 | Lair:2   | Found a frozen archway.
 19639 | IceCv    | Entered an ice cave
 19644 | IceCv    | Acquired the +1 short sword "Pant" {spect, Fly rC++ Will-
                  | Str+4}
 19647 | IceCv    | Acquired the Guide on the Voyage and Earth
 19653 | IceCv    | Learned a level 3 spell: Stone Arrow
 19662 | IceCv    | Reached skill level 1 in Conjurations
 19788 | IceCv    | HP: 2/61 [dire elephant simulacrum (6)]
 19788 | IceCv    | Slain by a dire elephant simulacrum

Illustrated notes

Levels and vault maps discovered:
D:1:      ncdulo_watergridlock, layout_basic,
          hellmonk_ecumenical_altar_arch_garden, grunt_decor_mini_mirrors
D:2:      layout_loops_corners, basic_altar, serial_shops,
          nicolae_lakefront_shop, uniq_terence, uniq_jessica
D:3:      layout_rooms
D:4:      layout_rooms
D:5:      layout_basic, minmay_temple_entry_trees, serial_shops, shop_fountains,
          uniq_pikel
D:6:      layout_loops_cross, kennysheep_generic_room_5
D:7:      layout_rooms, serial_shops, shop, shop, shop, nicolae_lakefront_shop,
          kennysheep_mini_moat, minmay_lizard_king
D:8:      layout_gridville
D:9:      layout_loops_ring, grunt_lair_entry_orc_guard_hut, orc_0_dummy,
          nicolae_looking_at_the_future
D:10:     layout_roguey, old_standard_altar, nicolae_wwwww
D:11:     layout_stronghold, uniq_erolcha
D:12:     layout_gridville, serial_shops, nicolae_shop_trees,
          trog_butcher_becter
D:13:     layout_basic, nicolae_two_hexagons
D:14:     layout_cave_pools, erik_vaults_1, minmay_misc_feat_five
D:15:     gammafunk_depths_entry_grave, layout_rooms, cheibrodos_worm_habitat
Temple:   kilobyte_greek_temple
Lair:1:   layout_chaotic_city
Lair:2:   layout_chaotic_city, dummy_spider_entry,
          portal_ice_cave_entry_pillars_1
IceCv:    ice_cave_statue_garden_chambered

Skill      XL: |  1  2  3  4  5  6  7  8  9 10 11 12 |
---------------+-------------------------------------+-----
Dodging        | 3 4 5 6 8 9 10 | 10.0
Stealth        | 4 5 6 7 9 10 | 10.0
Poison Magic   | 4 5 6 7 9 10 | 10.0
Fighting       | 2 5 6 |  6.1
Transmutations | 7 8 9 |  9.2
Spellcasting   | 5 |  5.0
Hexes          | 4 5 6 |  6.2
Fire Magic     | 2 4 |  4.6
Earth Magic    | 1 3 4 |  4.0
Short Blades   | 4 |  4.7
Evocations     | 5 |  5.0
Conjurations   | 1 |  1.0
Air Magic      | |  0.6

Action                   |  1- 3 |  4- 6 |  7- 9 | 10-12 || total
-------------------------+-------+-------+-------+-------++-------
Melee: Dagger            |     5 |     5 |   188 |   319 ||   517
       Short sword       |       |       |       |    18 ||    18
 Cast: Sting             |    63 |   141 |   254 |   157 ||   615
       Olgreb's Toxic Ra |       |       |       |    13 ||    13
       Poisonous Vapours |       |       |       |    22 ||    22
       Ignite Poison     |       |       |       |    20 ||    20
       Stone Arrow       |       |       |       |     1 ||     1
Evoke: Wand              |       |       |       |    11 ||    11
  Use: Scroll            |       |       |     5 |    16 ||    21
       Potion            |       |       |       |     7 ||     7
 Stab: Sleeping          |     3 |       |     6 |    11 ||    20
       Distracted        |       |       |     1 |     2 ||     3
Armor: Robe              |     2 |     4 |    31 |    47 ||    84
Dodge: Dodged            |     8 |    38 |   327 |   393 ||   766
